 Dungeon Crawl Stone Soup version 0.18.1-51-gd549091e01 (webtiles) character file.

450 magog001 the Shield-Bearer (level 6, -2/56 HPs)
             Began as a Minotaur Fighter on Apr 6, 2020.
             Slain by an ogre
             ... wielding a +0 giant club
              (20 damage)
             ... on level 4 of the Dungeon.
             The game lasted 00:15:01 (2970 turns).

magog001 the Shield-Bearer (Minotaur Fighter)       Turns: 2970, Time: 00:15:01

Health: -2/56      AC: 10    Str: 22    XL:     6   Next: 74%
Magic:  5/5        EV:  6    Int:  5    God:
Gold:   135        SH: 10    Dex: 10    Spells: 0 memorised, 5 levels left

rFire  . . .     SeeInvis .     n - +2 spear (venom)
rCold  . . .     Gourm    .     j - -1 chain mail
rNeg   . . .     Faith    .     c - +0 shield
rPois  .         Spirit   .     (helmet restricted)
rElec  .         Dismiss  .     (no cloak)
rCorr  .         Reflect  .     (no gloves)
SustAt .         Harm     .     s - +0 pair of boots
MR     .....                    (no amulet)
Stlth  ..........               u - ring of wizardry
                                (no ring)

@: not resistant to hostile enchantments, extremely unstealthy
A: retaliatory headbutt, horns 2
a: no special abilities


You were on level 4 of the Dungeon.
You were not hungry.

You visited 1 branch of the dungeon, and saw 4 of its levels.

You collected 135 gold pieces.

Inventory:

Hand Weapons
 l - a +0 hunting sling
 n - a +2 spear of venom (weapon)
Missiles
 a - 18 sling bullets
Armour
 c - a +0 shield (worn)
 j - a -1 chain mail (worn)
 s - a +0 pair of boots (worn)
Jewellery
 u - a ring of wizardry (right hand)
Scrolls
 b - 2 scrolls of remove curse
 h - 2 scrolls of identify
Potions
 d - 2 potions of might
 e - a potion of resistance {unknown}
 g - a potion of agility {unknown}
 k - 2 potions of flight {unknown}
 p - a potion of curing {unknown}
 t - a potion of heal wounds {unknown}
 v - a potion of degeneration
Comestibles
 f - 2 bread rations
 i - a beef jerky
 w - a meat ration


   Skills:
 * Level 5.2 Fighting
   Level 2.8(3.1) Axes
 * Level 1.6(2.5) Polearms
 * Level 6.1 Armour
 + Level 0.1 Stealth
 * Level 6.1 Shields


You had 5 spell levels left.
You didn't know any spells.

Dungeon Overview and Level Annotations

Branches:
Dungeon (4/15)
 Temple: D:4-7

Altars:
Ashenzari
Kikubaaqudgha
Okawaru
The Shining One


Innate Abilities, Weirdness & Mutations

You reflexively headbutt those who attack you in melee.
You have a pair of horns on your head.


Message History

An ogre comes into view. It is wielding a giant club.
The ogre shouts!
You feel a bit more experienced. The ogre closely misses you.
You completely miss the ogre. You block the ogre's attack.
You hit the ogre.
The ogre is lightly wounded.
You puncture the ogre!
The ogre is moderately wounded.
You block the ogre's attack.
You hit the ogre.
The ogre is heavily wounded.
You block the ogre's attack.
You puncture the ogre!
The ogre is severely wounded.
The ogre barely misses you.
You hit the ogre.
The ogre is severely wounded.
The ogre hits you with a giant club!!
You die...

,,****,,,,,,,*****,*,,,,,*
*,,,,,,****,,,,,,,..,,,,,*
*,***,,,* *,*#####.#,,,,,*
*,* ***,**#,*#.....#**,***
,,* *,,,,.##.....# *,* ,**
***,,,.......# *,* ,* ***
*****#.....# *,* *****_*
*_*#..O..# *,* ,,,**,**
**,***#@#.# *,* **,,*,,*
*,,* #.#.# *,*
****,,***,,* #..?# *,*
*,,,*,,,* #..## *,*
*,,,*,,,* #..# *,*
**,,,,,,,** #..# *,*
****,,,,,,,,,**##.# *,*
,**,,,8,,,8,,,***.#* *,*
**,,,,,,,,,,,,,**..***,**


You could see an ogre.

Vanquished Creatures
  3 wights (D:4)
  2 orc priests (D:4)
  An orc wizard (D:4)
  An iguana (D:4)
  A worker ant (D:4)
  3 gnolls (D:3)
  9 adders
  3 worms
  A dart slug (D:1)
  A giant gecko (D:4)
  6 orcs
  A ball python (D:1)
  7 bats
  2 giant cockroaches (D:3)
  6 goblins
  7 hobgoblins
  2 jackals (D:1)
  A quokka (D:4)
  4 giant newts
  6 kobolds
  10 rats
77 creatures vanquished.

Notes
Turn   | Place    | Note
--------------------------------------------------------------
     0 | D:1      | magog001 the Minotaur Fighter began the quest for the Orb.
     0 | D:1      | Reached XP level 1. HP: 19/19 MP: 0/0
   233 | D:1      | Reached XP level 2. HP: 27/27 MP: 1/1
   648 | D:2      | Reached XP level 3. HP: 31/33 MP: 2/2
   777 | D:2      | Found an ancient bone altar of Kikubaaqudgha.
   800 | D:2      | Found a glowing golden altar of the Shining One.
  1248 | D:2      | Found a shattered altar of Ashenzari.
  1299 | D:2      | Reached XP level 4. HP: 41/41 MP: 3/3
  1733 | D:3      | Found an iron altar of Okawaru.
  2235 | D:3      | Reached skill level 5 in Shields
  2324 | D:4      | Reached skill level 5 in Armour
  2324 | D:4      | Reached XP level 5. HP: 30/47 MP: 0/4
  2443 | D:4      | Reached skill level 1 in Polearms
  2443 | D:4      | Reached XP level 6. HP: 47/55 MP: 5/5
  2750 | D:4      | Reached skill level 5 in Fighting
  2970 | D:4      | Slain by an ogre

Skill      XL: |  1  2  3  4  5  6 |
---------------+-------------------+-----
Shields        | 4 5 6 |  6.1
Armour         | 4 5 6 |  6.1
Fighting       | 4 5 |  5.2
Polearms       | 1 |  1.6
Axes           | |  2.8
Stealth        | |  0.1

Action                   |  1- 3 |  4- 6 || total
-------------------------+-------+-------++-------
Melee: War axe           |   124 |    38 ||   162
       Headbutt          |    13 |    28 ||    41
       Spear             |       |    94 ||    94
  Use: Scroll            |       |     7 ||     7
  Eat: Chunk             |       |     2 ||     2
       Meat ration       |       |     1 ||     1
Armor: Scale mail        |    10 |       ||    10
       Chain mail        |    82 |    37 ||   119
Dodge: Dodged            |    35 |    29 ||    64
Block: Shield            |    84 |    53 ||   137
